 Dungeon Crawl Stone Soup version 0.30-a0-292-g0f741e3f8e (webtiles) character file.

Game seed: 1641917663667403444

581266 Lobster4 the Metallomancer (level 25, -5/194 HPs)
             Began as a Grey Draconian Conjurer on Oct 17, 2022.
             Was the Champion of Vehumet.
             Slain by an acid blob (36 damage)
             ... on level 4 of the Pits of Slime on Oct 18, 2022.
             The game lasted 06:12:46 (106246 turns).

Lobster4 the Metallomancer (DrCj)                 Turns: 106246, Time: 06:12:47

Health: -5/194     AC: -2    Str: 22    XL:     25   Next: 94%
Magic:  7/44       EV: 21    Int: 31    God:    Vehumet [******]
Gold:   7038       SH: 10    Dex: 23    Spells: 14/68 levels left

rFire   x . .      SeeInvis .    c - staff of earth
rCold   + . .      Faith    .    G - +1 buckler {reflect}
rNeg    + . .      Spirit   .    (body armour unavailable)
rPois   +          Reflect  +    g - +2 hat {Will+}
rElec   +          Harm     .    Y - +2 cloak {Will+}
rCorr   +          Rampage  +    M - +1 pair of gloves of Ru's Brutal Revenge {Rampage rElec Dex+8 Stlth-}
Will    +++..                    q - +1 pair of boots
Stlth   +.........               e - amulet of the Ban {RegenMP Str+2 Int+6}
HPRegen 0.52/turn                J - ring "Enid Lyh" {rC+ rN+ Dex+4}
MPRegen 0.69/turn                z - ring "Xigu" {rPois rCorr Str+6}

@: corroded, studying 2 skills
A: AC +17, amphibious, unfitting armour, cold-blooded, low MP 1, heat
vulnerability 1
}: 3/15 runes: barnacled, silver, gossamer
a: Renounce Religion


You were on level 4 of the Pits of Slime.
You worshipped Vehumet.
Vehumet was exalted by your worship.
You visited 11 branches of the dungeon, and saw 51 of its levels.
You also visited: Ossuary, Ice Cave, Wizlab and Desolation.

You collected 8124 gold pieces.
You spent 1086 gold pieces at shops.

Inventory:

Hand Weapons
 b - the +2 hand crossbow of Temn {vorpal, SInv}
   (You found it on level 3 of the Crypt)

   Any ammunition fired from it inflicts extra damage upon your enemies.
   SInv:      It lets you see invisible.
Armour
 g - a +2 hat of willpower (worn)
 h - the +1 hat of Cutt {rElec}
   (You found it on level 4 of the Spider Nest)

   rElec:     It insulates you from electricity.
 q - a +1 pair of boots (worn)
 G - a +1 buckler of reflection (worn)
 M - the +1 pair of gloves of Ru's Brutal Revenge (worn) {Rampage rElec Dex+8 Stlth-}
   (You bought it in a shop on level 15 of the Dungeon)

   Dex:       It affects your dexterity (+8).
   rElec:     It insulates you from electricity.
   Rampage:   It bestows one free step when moving towards enemies.
   Stlth:     It makes you less stealthy.
 Y - a +2 cloak of willpower (worn)
Magical Staves
 a - a staff of conjuration
 c - a staff of earth (weapon)
Jewellery
 e - the amulet of the Ban (around neck) {RegenMP Str+2 Int+6}
   (You found it on level 1 of the Depths)

   [amulet of magic regeneration]

   It increases your rate of magic regeneration.
   Str:       It affects your strength (+2).
   Int:       It affects your intelligence (+6).
 i - a ring of protection from cold
 n - a +4 ring of evasion
 t - a ring of see invisible
 z - the ring "Xigu" (right hand) {rPois rCorr Str+6}
   (You took it off an ironbound preserver on level 5 of the Vaults)

   [ring of strength]

   Str:       It affects your strength (+6).
   rPois:     It protects you from poison.
   rCorr:     It protects you from acid and corrosion.
 A - a ring of positive energy
 J - the ring "Enid Lyh" (left hand) {rC+ rN+ Dex+4}
   (You found it in an ice cave)

   [ring of positive energy]

   Dex:       It affects your dexterity (+4).
   rC:        It protects you from cold.
   rN:        It protects you from negative energy.
 R - the ring of Rannufum {Fly rElec rPois Dex-3}
   (You took it off Mara on level 3 of the Elven Halls)

   [ring of flight]

   Dex:       It affects your dexterity (-3).
   rElec:     It insulates you from electricity.
   rPois:     It protects you from poison.
   Fly:       It grants you flight.
 T - an amulet of regeneration
 U - a ring of protection from fire
Wands
 C - a wand of paralysis (36)
 H - a wand of mindburst (2)
 K - a wand of digging (11)
 N - a wand of quicksilver (11) (quivered)
 P - a wand of iceblast (10)
Scrolls
 k - 22 scrolls of teleportation
 o - 11 scrolls of enchant armour
 u - 6 scrolls of fear
 v - 7 scrolls of enchant weapon
 x - 2 scrolls of silence
 E - a scroll of brand weapon
 F - 12 scrolls of poison
 O - 5 scrolls of blinking
 S - 14 scrolls of fog
 W - 7 scrolls of summoning
 Z - 3 scrolls of immolation
Potions
 f - 3 potions of invisibility
 j - 12 potions of might
 l - 3 potions of heal wounds
 m - 30 potions of curing
 r - 9 potions of ambrosia
 w - 7 potions of flight
 B - 16 potions of haste
 D - 8 potions of brilliance
 I - 4 potions of berserk rage
 L - 4 potions of cancellation
 V - 8 potions of lignification
 X - 3 potions of resistance
Miscellaneous
 p - a box of beasts
 s - a phantom mirror
 y - a lightning rod (4/4)
 Q - a condenser vane


   Skills:
 - Level 10.0 Fighting
 - Level 8.0 Staves
 - Level 2.0 Ranged Weapons
 - Level 1.0 Throwing
 - Level 11.0 Dodging
 - Level 2.0 Stealth
 - Level 16.0 Shields
 + Level 22.2 Spellcasting
 + Level 24.9 Conjurations
 - Level 5.0 Necromancy
 - Level 6.0 Translocations
 - Level 3.0 Transmutations
 + Level 26.3 Earth Magic
 - Level 10.0 Evocations


You had 14 spell levels left.
You knew the following spells:

 Your Spells              Type           Power      Damage    Failure   Level
a - Sandblast             Erth           100%       2d20      0%          1
b - Stone Arrow           Conj/Erth      100%       3d13      0%          3
c - Iron Shot             Conj/Erth      69%        9d13      0%          6
d - Lehudib's Crystal Sp  Conj/Erth      69%        10d16     1%          8
e - Iskenderun's Mystic   Conj/Tloc      92%        2d18      0%          4
f - Magic Dart            Conj           100%       1d8       0%          1
g - Lee's Rapid Deconstr  Erth           69%        3d31*     0%          5
h - Shatter               Erth           69%        3d51*     1%          9
i - Passwall              Tmut/Erth      93%        N/A       0%          2
j - Searing Ray           Conj           100%       2d8       0%          2
k - Leda's Liquefaction   Hex/Erth       54%        N/A       1%          4
l - Petrify               Tmut/Erth      100%       N/A       1%          4
v - Borgnjor's Vile Clut  Necr/Erth      57%        N/A       1%          5

Your spell library contained the following spells:

 Spells                   Type           Power      Damage    Failure   Level
 Foxfire                  Conj/Fire      100%       2x1d9     0%          1
 Kiss of Death            Conj/Necr      100%       2d13      0%          1
 Shock                    Conj/Air       100%       1d9       0%          1
 Momentum Strike          Conj/Tloc      100%       3d10      0%          2
 Static Discharge         Conj/Air       100%       2-7/arc   0%          2
 Dazzling Flash           Conj/Hex       100%       N/A       0%          3
 Hailstorm                Conj/Ice       84%        3d17      0%          3
 Apportation              Tloc           100%       N/A       1%          1
 Beastly Appendage        Tmut           100%       N/A       1%          1
 Freeze                   Ice            100%       1d10      1%          1
 Necrotise                Necr           100%       1d9       1%          1
 Summon Small Mammal      Summ           100%       N/A       1%          1
 Blink                    Tloc           100%       N/A       1%          2
 Call Imp                 Summ           34%        N/A       1%          2
 Cigotuvi's Dreadful Rot  Necr/Pois/Air  88%        N/A       1%          2
 Ensorcelled Hibernation  Hex/Ice        68%        N/A       1%          2
 Poisonous Vapours        Pois/Air       68%        N/A       1%          2
 Sublimation of Blood     Necr           60%        N/A       1%          2
 Wereblood                Tmut           52%        N/A       1%          2
 Frozen Ramparts          Ice            68%        1d11      1%          3
 Gell's Gravitas          Tloc           64%        N/A       1%          3
 Inner Flame              Hex/Fire       34%        N/A       1%          3
 Kindle Blastsparks       Fire/Tloc/Air  92%        2d17      1%          3
 Lesser Beckoning         Tloc           100%       N/A       1%          3
 Mephitic Cloud           Conj/Pois/Air  72%        N/A       1%          3
 Portal Projectile        Hex/Tloc       100%       N/A       1%          3
 Spider Form              Tmut/Pois      43%        N/A       1%          3
 Teleport Other           Tloc           64%        N/A       1%          3
 Vampiric Draining        Necr           60%        2d10      1%          3
 Animate Dead             Necr           60%        N/A       1%          4
 Dispel Undead            Necr           60%        3d21      1%          4
 Fulminant Prism          Conj/Hex       42%        3d20      1%          4
 Manifold Assault         Tloc           64%        N/A       1%          4
 Passage of Golubria      Tloc           64%        N/A       1%          4
 Freezing Cloud           Conj/Ice/Air   36%        6-21      1%          5
 Irradiate                Conj/Tmut      44%        3d26      1%          5
 Lightning Bolt           Conj/Air       42%        1d61      1%          5
 Starburst                Conj/Fire      42%        6d12      1%          6
 Statue Form              Tmut/Erth      74%        N/A       1%          6
 Spellforged Servitor     Conj/Summ      42%        N/A       1%          7
 Confusing Touch          Hex            34%        N/A       3%          3
 Ozocubu's Armour         Ice            34%        N/A       3%          3
 Swiftness                Air            34%        N/A       3%          3
 Tukima's Dance           Hex            34%        N/A       3%          3
 Airstrike                Air            17%        2d(3-19)  3%          4
 Anguish                  Hex/Necr       25%        N/A       3%          4
 Agony                    Necr           60%        N/A       3%          5
 Yara's Violent Unravell  Hex/Tmut       21%        3d10      4%          5
 Ice Form                 Ice/Tmut       43%        N/A       5%          4
 Blade Hands              Tmut           26%        N/A       9%          5
 Summon Forest            Summ/Tloc      26%        N/A       9%          5
 Cause Fear               Hex            17%        N/A       11%         4
 Summon Ice Beast         Ice/Summ       34%        N/A       11%         4
 Summon Lightning Spire   Summ/Air       34%        N/A       11%         4
 Dispersal                Tloc           32%        N/A       14%         6
 Alistair's Intoxication  Tmut/Pois      28%        N/A       16%         5
 Death Channel            Necr           30%        N/A       21%         6
 Eringya's Noxious Bog    Tmut/Pois      21%        N/A       22%         6
 Metabolic Englaciation   Hex/Ice        17%        N/A       28%         5
 Silence                  Hex/Air        17%        N/A       28%         5
 Summon Mana Viper        Hex/Summ       34%        N/A       28%         5
 Simulacrum               Ice/Necr       25%        N/A       50%         6
 Chain Lightning          Conj/Air       42%        3d56      80%         9
 Fire Storm               Conj/Fire      42%        8d11      80%         9
 Summon Cactus Giant      Summ           17%        N/A       85%         6
 Dragon Form              Tmut           26%        N/A       95%         7
 Haunt                    Necr/Summ      25%        N/A       97%         7
 Storm Form               Tmut/Air       21%        N/A       99%         7
 Disjunction              Tloc           32%        N/A       99%         8
 Enfeeble                 Hex            17%        N/A       100%        7
 Summon Hydra             Summ           17%        N/A       100%        7
 Borgnjor's Revivificati  Necr           30%        N/A       100%        8
 Discord                  Hex            17%        N/A       100%        8
 Infestation              Necr           30%        N/A       100%        8
 Maxwell's Capacitive Co  Air            17%        ∞         100%        8
 Necromutation            Tmut/Necr      28%        N/A       100%        8
 Summon Horrible Things   Summ           17%        N/A       100%        8
 Death's Door             Necr           30%        N/A       100%        9
 Dragon's Call            Summ           17%        N/A       100%        9
 Polar Vortex             Ice            17%        N/A       100%        9


Dungeon Overview and Level Annotations

Branches:
Dungeon (15/15)            Temple (1/1) D:4            Lair (5/5) D:10
 Shoals (4/4) Lair:3       Spider (4/4) Lair:2        Slime (5/5) Lair:4
    Orc (2/2) D:10            Elf (3/3) Orc:2        Vaults (5/5) D:13
  Crypt (3/3) Vaults:2       Tomb (0/3) Crypt:3      Depths (4/4) D:15
    Zot (0/5) Depths:4    Ossuary (visited)           IceCv (visited)
 WizLab (visited)         Desolation (visited)

Altars:
Dithmenos
Elyvilon
Fedhas
Gozag
Hepliaklqana
Kikubaaqudgha
Nemelex Xobeh
Qazlal
Sif Muna
Trog
Vehumet
Wu Jian
Yredelemnul
Zin
The Shining One
Jiyva

Shops:
D:4 (   D:6 =   D:7 ?[   D:8 *   D:12 *:   D:15 [   Orc:1 [   Orc:2 !*=!
Shoals:2 =   Vaults:1 *   Vaults:2 *   Vaults:3 [   Depths:2 *   Depths:3 ([*

Portals:
Hell: Depths:1 Depths:2 Depths:3 Depths:4
Abyss: Depths:2 Depths:3
Pandemonium: Depths:2
Ziggurat: Depths:2

Annotations:
D:14 2 transporters, hikkokomori's ghost, journeyman MiBe
Depths:2 3 runed translucent doors, pigah's ghost, master OpAE


Innate Abilities, Weirdness & Mutations

Your dull iron-grey scales are very hard. (AC +17)
You are amphibious.
You cannot fit into any form of body armour.
You are cold-blooded and may be slowed by cold attacks.
Your magical capacity is low. (-10% MP)
You are vulnerable to heat. (rF-)


Message History

* * * LOW HITPOINT WARNING * * *
You are splashed with acid.
You resist.
* * * LOW HITPOINT WARNING * * *
The quicksilver ooze misses you.
You block the quicksilver ooze's attack.
Casting: Iskenderun's Mystic Blast (safe; 0% risk of failure)
Confirm with . or Enter, or press ? or * to list all spells.
You erupt in a blast of force!
The mystic blast hits the acid blob!!
The acid blob is moderately wounded.
The acid blob is knocked back by the mystic blast.
The mystic blast hits the quicksilver ooze!!
The quicksilver ooze is severely wounded.
The quicksilver ooze is knocked back by the mystic blast.
Unknown command.
You feel better.
Aiming: Quicksilver Bolt
Press: ? - help, Shift-Dir - straight line, f - quicksilver ooze
Aim: a quicksilver ooze (heavily wounded, 60% to hit)
The bolt of dispelling energy hits the quicksilver ooze!!
You kill the quicksilver ooze!
That felt strangely unrewarding.
The acid blob spits acid at you. The splash of acid hits you! You resist.
* * * LOW HITPOINT WARNING * * *
The acid corrodes you!
Aiming: Quicksilver Bolt
Press: ? - help, Shift-Dir - straight line, f - acid blob
Aim: an acid blob (moderately wounded, 98% to hit)
The bolt of dispelling energy hits the acid blob!!
The acid blob is heavily wounded.
Aiming: Quicksilver Bolt
Press: ? - help, Shift-Dir - straight line, f/p - acid blob
Aim: an acid blob (heavily wounded, 98% to hit)
The bolt of dispelling energy hits the acid blob!!
The acid blob is severely wounded.
The acid blob spits acid at you. The splash of acid hits you!! You resist.
* * * LOW HITPOINT WARNING * * *
You feel much better. The acid blob hits you!!!
You die...

#......# #.....## ###....##
#..<..####......###.##....#
##....###....#.###.......##
#.#.##..................##
######...................#
###...................##
.....##......#.......###
##...###...J.........###
#.....#..@............##
........................#
#.#.....#.....#.........##
####...........#..#....##
###.##............##.###
##.....##...........####
#......................#
##.....#.........#...###
###.........#......#..#


You could see an acid blob.

Vanquished Creatures
  the Royal Jelly (Slime:5)
  A dread lich (Vaults:4)
  An ancient lich (WizLab)
  Mara (Elf:3)
  Bai Suzhen (Vaults:2)
  A caustic shrike (Depths:3)
  2 profane servitors (Crypt:3)
  4 golden dragons
  A bone dragon (Crypt:3)
  6 tentacled monstrosities
  7 liches
  A shard shrike skeleton (Crypt:1)
  2 deep elf blademasters (Elf:3)
  18 acid blobs
  3 quicksilver dragons
  4 deep elf master archers (Elf:3)
  A walking divine tome (Depths:3)
  4 titans
  9 ancient champions
  6 sphinxes
  A kraken (Shoals:2)
  3 shadow dragons
  Gastronok (D:10)
  8 tengu reavers
  11 rockslimes
  4 storm dragons
  3 revenants
  2 iron dragons
  19 vault wardens
  13 fire giants
  17 azure jellies
  6 emperor scorpions
  8 frost giants
  3 ghost moths
  3 imperial myrmidons (Desolation)
  4 deep elf sorcerers
  Louise (Shoals:1)
  15 ghouls
  A reaper (Crypt:2)
  2 draconian stormcallers (Depths:4)
  A deep elf elementalist (Elf:3)
  2 orc warlords
  5 war gargoyles
  13 quicksilver oozes
  5 broodmothers (Spider:4)
  21 ironbound preservers
  6 spriggan defenders
  7 ironbound thunderhulks
  7 stone giants
  33 very ugly things
  Nessos (D:15)
  The ghost of Daelid the Impaler, a journeyman MfGl of Yredelemnul (Lair:4)
  6 deep elf annihilators
  9 deep elf demonologists
  10 spark wasps
  3 vampire knights
  The ghost of gzilladon the Severer, a journeyman MiMo of Hepliaklqana (Orc:2)
  3 purple draconians (Depths:4)
  9 dire elephants
  A black draconian (Depths:4)
  A yellow draconian (Depths:4)
  2 halazid warlocks (Desolation)
  6 merfolk javelineers
  9 jiangshi
  2 mummy priests
  An ettin (shapeshifter) (Vaults:5)
  13 ettins
  A crystal guardian (Desolation)
  11 deep elf death magi
  6 fire dragons
  7 eidola (Crypt:3)
  4 entropy weavers
  Josephine (Lair:3)
  A quicksilver dragon zombie (Crypt:3)
  8 merfolk impalers
  4 spriggan zombies (Crypt:3)
  5 deep elf high priests
  7 hydras
  5 rakshasas
  18 yaktaur captains
  7 ice dragons
  12 great orbs of eyes
  12 servants of whispers
  12 ironbound frosthearts
  5 ragged hierophants (Desolation)
  A hell beast (Depths:4)
  4 spriggan air magi
  8 peacekeepers
  29 vault guards
  2 catoblepae
  2 merfolk avatars
  8 boulder beetles
  An alligator snapping turtle (Shoals:4)
  3 merfolk aquamancers
  2 ogre magi (Vaults:5)
  37 dancing weapons
  3 death knights
  10 deep troll shamans
  5 radroaches (Spider:4)
  13 centaur warriors
  The ghost of Wiilli the Placeless Spriggan, a journeyman SpVM of Hepliaklqana (D:12)
  A satyr (Shoals:4)
  3 two-headed ogres
  17 death yaks
  11 deep troll earth magi
  4 tengu warriors
  2 titan zombies
  3 orc high priests
  15 vampire magi
  10 spriggan berserkers
  A soul eater (Crypt:1)
  10 sun demons
  17 deep elf knights
  2 sixfirhies
  7 iron trolls
  5 pharaoh ants
  11 sea snakes
  A bunyip zombie (Crypt:3)
  A golden dragon zombie (Crypt:3)
  41 skeletal warriors
  6 steelbarb worms
  2 shadow wraiths
  A swamp dragon (Lair:5)
  7 flayed ghosts
  6 glowing orange brains
  A deep troll (shapeshifter) (Vaults:5)
  An anaconda zombie (Crypt:3)
  An obsidian statue (D:12)
  71 deep trolls
  2 shadow demons (Depths:1)
  12 orb spiders
  22 ironbound convokers
  21 phantasmal warriors
  11 deep elf archers
  An orange crystal statue (Crypt:2)
  An iron giant skeleton (Crypt:1)
  Pikel (D:9)
  18 lindwurms
  2 bog bodies (Crypt:1)
  5 wizards
  4 orc knights
  28 deep elf pyromancers
  13 fauns
  29 harpies
  2 orc sorcerers
  A shadow dragon zombie (Crypt:3)
  4 necromancers
  2 stone giant zombies
  The ghost of Low2 the Covered, a novice FoFi of Wu Jian (D:5)
  6 shining eyes
  35 deep elf zephyrmancers
  2 frost giant zombies (Depths:3)
  9 wolf spiders
  28 ugly things
  5 manticores
  A manticore (shapeshifter) (Vaults:5)
  4 oklob plants
  7 cyclopes
  31 vault sentinels
  A moth of wrath (shapeshifter) (Elf:1)
  9 elephants
  5 merfolk sirens
  4 black mambas
  3 moths of wrath
  A dire elephant zombie (Crypt:3)
  Maurice (D:10)
  2 guardian serpents (Desolation)
  7 torpor snails
  3 water nymphs
  An ice statue (IceCv)
  23 cane toads
  3 eyes of devastation
  A smoke demon (D:12)
  A hellion (Depths:4)
  A gargoyle (D:11)
  A sea snake zombie (Crypt:1)
  A green draconian zombie (Crypt:1)
  A pale draconian zombie (Crypt:2)
  2 orange demons
  2 kobold demonologists (Depths:1)
  An unseen horror (D:12)
  6 rime drakes
  7 freezing wraiths
  An unseen horror (shapeshifter) (D:13)
  38 yaktaurs
  Psyche (D:9)
  11 ice devils (IceCv)
  13 komodo dragons
  3 anaconda simulacra (IceCv)
  10 demonic crawlers
  A tormentor (Depths:2)
  A hellwing (Depths:2)
  An iron troll zombie (Crypt:1)
  4 tengu conjurers (Depths:3)
  7 guardian mummies
  A pale draconian skeleton (Crypt:1)
  4 harpy zombies
  30 merfolk
  8 trolls
  3 tyrant leeches (Lair:5)
  54 saltlings
  2 polar bears
  14 hornets
  24 tarantellas
  110 slime creatures
  9 dream sheep
  9 wind drakes
  An alligator zombie (Crypt:2)
  9 snapping turtles
  17 blink frogs
  An ettin zombie (WizLab)
  A black mamba zombie (Crypt:3)
  6 air elementals
  A dire elephant simulacrum (IceCv)
  An ushabti (Crypt:3)
  17 culicivoras
  7 spriggans
  6 flying skulls (Vaults:2)
  20 jumping spiders
  A centaur simulacrum (D:15)
  A vampire (D:9)
  14 wraiths
  4 shadows
  7 wyverns
  13 golden eyes
  76 yaks
  3 fire elementals
  23 water elementals
  9 vampire mosquitoes
  11 basilisks
  32 redbacks
  A redback (shapeshifter) (D:12)
  4 steam dragons
  2 death yak simulacra (IceCv)
  2 harpy simulacra (IceCv)
  2 wargs
  6 acid dragons
  A glowing shapeshifter zombie (WizLab)
  18 water moccasins
  Duvessa (D:7)
  A floating eye (Depths:2)
  A floating eye (shapeshifter) (Vaults:4)
  2 hydra simulacra (IceCv)
  A water nymph skeleton (Crypt:2)
  A hell hound (Depths:4)
  An ice beast (D:6)
  5 boggarts
  A black bear (D:6)
  43 orc warriors
  3 ogres
  15 centaurs
  12 wolves
  A blink frog skeleton (Crypt:2)
  2 phantoms (Crypt:3)
  2 rime drake zombies (Crypt:2)
  An elf zombie (Ossuary)
  A rime drake skeleton (Crypt:2)
  10 scorpions
  14 bullfrogs
  19 necrophages
  4 cane toad simulacra (IceCv)
  4 earth elementals
  2 wights (D:6)
  Dowan (D:7)
  8 wyvern skeletons (Crypt:3)
  5 elephant simulacra (IceCv)
  2 raiju zombies
  19 killer bees
  5 electric eels (Spider:4)
  9 howler monkeys
  5 centaur zombies
  A quasit (D:12)
  2 bullfrog skeletons (D:5)
  A hound (D:6)
  2 human zombies (Ossuary)
  9 jellies
  22 orc priests
  6 iguanas
  33 orc wizards
  A troll simulacrum (IceCv)
  4 polar bear simulacra (IceCv)
  A spriggan simulacrum (IceCv)
  A boggart skeleton (Crypt:2)
  5 wolf simulacra (IceCv)
  A naga skeleton (Crypt:1)
  An ogre skeleton (Crypt:1)
  A hound zombie (Ossuary)
  4 mummies (Ossuary)
  Robin (D:4)
  6 adders
  11 gnolls
  A shadow imp (D:6)
  18 white imps
  3 ufetubi
  An adder zombie (Ossuary)
  A worm (shapeshifter) (D:15)
  2 dart slugs
  101 orcs
  7 ball pythons
  9 endoplasms
  2 giant cockroaches
  A gnoll zombie (Ossuary)
  15 goblins
  9 hobgoblins
  5 jackals
  6 quokkas
  5 bats
  2 frilled lizards
  2 goblin zombies
  4 kobolds
  3 kobold zombies
  7 rats
  3 rat zombies (Ossuary)
  2 tentacles (Shoals:2)
2484 creatures vanquished.

Vanquished Creatures (collateral kills)
  Jorgrun (D:15)
  A mummy priest (WizLab)
  2 spriggan zombies (WizLab)
  A frost giant zombie (WizLab)
  A human zombie (WizLab)
  A demonspawn zombie (WizLab)
  A tengu zombie (WizLab)
8 creatures vanquished.

Vanquished Creatures (others)
  A merfolk aquamancer (Shoals:4)
  2 deep elf knights (Elf:2)
  2 deep elf pyromancers
  A slime creature (D:12)
  2 bushes
  3 demonic plants (D:12)
  50 fungi
  219 plants
  6 tentacles (Shoals:2)
  7 withered plants (Crypt:3)
293 creatures vanquished.

Grand Total: 2785 creatures vanquished

Notes
Turn   | Place    | Note
-------+----------+-------------------------------------------
     0 | D:1      | Lobster4 the Draconian Conjurer began the quest for the
                  | Orb.
     0 | D:1      | Reached XP level 1. HP: 14/14 MP: 3/3
   256 | D:1      | Reached XP level 2. HP: 22/22 MP: 0/5
   333 | D:1      | Learned a level 2 spell: Searing Ray
   616 | D:1      | Reached skill level 1 in Fighting
  1231 | D:2      | Reached XP level 3. HP: 28/28 MP: 2/6
  2455 | D:3      | Reached skill level 1 in Shields
  2455 | D:3      | Reached XP level 4. HP: 36/36 MP: 4/7
  3387 | D:4      | Reached XP level 5. HP: 41/42 MP: 2/9
  3539 | D:4      | Found a sand-covered staircase.
  3543 | Ossuary  | Entered an ossuary
  3594 | Ossuary  | Reached skill level 5 in Conjurations
  3609 | Ossuary  | Reached XP level 6. HP: 44/51 MP: 2/11
  4035 | D:4      | Your scales start taking on a dull iron-grey colour.
  4035 | D:4      | Reached XP level 7. HP: 58/58 MP: 2/12
  4156 | D:4      | Found Huento Deidu's Weapon Shop.
  4189 | D:4      | Found a staircase to the Ecumenical Temple.
  4276 | Temple   | Entered the Ecumenical Temple
  4279 | Temple   | Became a worshipper of Vehumet
  4313 | D:4      | Noticed Robin
  4318 | D:4      | Killed Robin
  4782 | D:5      | Entered Level 5 of the Dungeon
  4788 | D:5      | Noticed Low2's ghost (novice FoFi)
  4974 | D:5      | Found a transporter.
  5064 | D:5      | Reached * piety under Vehumet
  5064 | D:5      | Offered knowledge of Shock by Vehumet.
  5152 | D:5      | Reached skill level 1 in Evocations
  5662 | D:5      | Reached XP level 8. HP: 66/67 MP: 7/14
  6446 | D:6      | Reached skill level 5 in Fighting
  6653 | D:6      | Reached skill level 5 in Spellcasting
  6884 | D:6      | Reached skill level 5 in Shields
  7173 | D:6      | Reached XP level 9. HP: 75/75 MP: 5/17
  7288 | D:6      | Offered knowledge of Static Discharge by Vehumet.
  7290 | D:6      | Reached ** piety under Vehumet
  7456 | D:6      | Found Focim's Jewellery Boutique.
  8426 | D:7      | Noticed Dowan
  8440 | D:7      | Killed Dowan
  8505 | D:7      | Noticed Duvessa
  8512 | D:7      | Killed Duvessa
  9280 | D:7      | Reached skill level 1 in Staves
  9386 | D:7      | Found Mepaok's Armour Boutique.
  9387 | D:7      | Found Wite's Magic Scroll Emporium.
  9396 | D:7      | Bought a scroll of identify for 24 gold pieces
  9396 | D:7      | Bought a scroll of identify for 24 gold pieces
  9738 | D:7      | Bought a scroll of fog for 48 gold pieces
  9738 | D:7      | Bought a scroll of summoning for 114 gold pieces
  9806 | D:8      | Found Dinneryh's Serpentskin Sales.
  9896 | D:8      | Offered knowledge of Scorch by Vehumet.
  9958 | D:8      | Reached *** piety under Vehumet
 10122 | D:8      | Reached XP level 10. HP: 86/86 MP: 11/19
 10315 | D:8      | Reached skill level 1 in Throwing
 10316 | D:8      | Offered knowledge of Mephitic Cloud by Vehumet.
 10843 | D:8      | Found a glowing silver altar of Zin.
 10845 | D:8      | Found an ancient bone altar of Kikubaaqudgha.
 11010 | D:8      | Found a blossoming altar of Fedhas.
 11093 | D:8      | Found a sparkling altar of Nemelex Xobeh.
 11446 | D:9      | Found a transporter.
 11525 | D:9      | Noticed a tengu warrior
 11664 | D:9      | Noticed Psyche
 11708 | D:9      | Killed Psyche
 11868 | D:9      | Noticed Pikel
 11882 | D:9      | Killed Pikel
 11963 | D:9      | Reached **** piety under Vehumet
 12092 | D:9      | Reached XP level 11. HP: 94/94 MP: 17/23
 12303 | D:9      | Found a transporter.
 12348 | D:9      | Offered knowledge of Kindle Blastsparks by Vehumet.
 12835 | D:10     | Entered Level 10 of the Dungeon
 12847 | D:10     | Noticed Gastronok
 12918 | D:10     | You fall into a shaft and drop 1 floor!
 12990 | D:10     | Learned a level 4 spell: Iskenderun's Mystic Blast
 13043 | D:10     | Noticed Maurice
 13050 | D:10     | Killed Maurice
 13120 | D:10     | Killed Gastronok
 13121 | D:10     | Reached skill level 1 in Translocations
 13267 | D:10     | Noticed a two-headed ogre
 13278 | D:10     | Reached skill level 10 in Conjurations
 13391 | D:10     | Killed a two-headed ogre
 13486 | D:10     | Found a staircase to the Lair.
 13778 | D:10     | Found a staircase to the Orcish Mines.
 14345 | D:11     | Noticed a green ugly thing
 14545 | D:8      | Bought a ring of poison resistance for 240 gold pieces
 14683 | Lair:1   | Entered Level 1 of the Lair of Beasts
 14930 | Lair:1   | Reached ***** piety under Vehumet
 15071 | Lair:1   | Offered knowledge of Arcjolt by Vehumet.
 15136 | Lair:1   | Reached XP level 12. HP: 86/104 MP: 14/25
 15298 | Lair:1   | Noticed a catoblepas
 15336 | Lair:1   | Killed a catoblepas
 16292 | Lair:1   | Noticed a boulder beetle
 16306 | Lair:1   | Killed a boulder beetle
 16630 | Lair:2   | Found a hole to the Spider Nest.
 16634 | Lair:2   | Found a frozen archway.
 16728 | IceCv    | Entered an ice cave
 16821 | IceCv    | Reached skill level 10 in Shields
 16945 | IceCv    | Identified a scroll of acquirement
 16945 | IceCv    | Acquired a staff of cold
 17339 | IceCv    | Offered knowledge of Lee's Rapid Deconstruction by Vehumet.
 17351 | IceCv    | Learned a level 5 spell: Lee's Rapid Deconstruction
 17398 | IceCv    | Found an ancient bone altar of Kikubaaqudgha.
 17605 | IceCv    | Reached skill level 5 in Dodging
 17605 | IceCv    | Reached skill level 5 in Translocations
 18601 | IceCv    | Reached skill level 10 in Fighting
 19101 | IceCv    | HP: 5/106 [freezing wraith (8)]
 19335 | IceCv    | Reached skill level 10 in Spellcasting
 19337 | IceCv    | Reached XP level 13. HP: 113/113 MP: 4/27
 19757 | IceCv    | Identified the ring "Enid Lyh" {rC+ rN+ Dex+4}
 21339 | Lair:3   | You fall into a shaft and drop 2 floors!
 21339 | Lair:5   | Entered Level 5 of the Lair of Beasts
 22157 | Lair:3   | Noticed Josephine
 22161 | Lair:3   | Killed Josephine
 22458 | Lair:3   | Found a staircase to the Shoals.
 22688 | Lair:3   | Reached skill level 1 in Earth Magic
 23053 | Lair:2   | Reached skill level 2 in Earth Magic
 23477 | Lair:3   | Got the Teachings on Metamorphosis
 23825 | Lair:3   | Identified the +1 leather armour of the Hot Ocelot {Dex+2}
 24077 | Lair:3   | Reached skill level 3 in Earth Magic
 24449 | Lair:4   | Found a viscous altar of Jiyva.
 24540 | Lair:4   | Found a runed translucent gate.
 24540 | Lair:4   | Found a runed translucent gate.
 24541 | Lair:4   | Found a runed translucent gate.
 24541 | Lair:4   | Noticed an azure jelly
 24542 | Lair:4   | Noticed an azure jelly
 24542 | Lair:4   | Noticed an acid blob
 24542 | Lair:4   | Noticed an azure jelly
 24542 | Lair:4   | Noticed a quicksilver ooze
 24744 | Lair:4   | Reached XP level 14. HP: 83/121 MP: 5/29
 24898 | Lair:4   | Reached skill level 4 in Earth Magic
 25435 | Lair:4   | Offered knowledge of Iron Shot by Vehumet.
 25443 | Lair:4   | Learned a level 6 spell: Iron Shot
 26098 | Lair:4   | Noticed an azure jelly
 26099 | Lair:4   | Noticed an azure jelly
 26099 | Lair:4   | Noticed Daelid's ghost (journeyman MfGl)
 26099 | Lair:4   | Noticed an azure jelly
 26100 | Lair:4   | Noticed an acid blob
 26102 | Lair:4   | Found a viscous altar of Jiyva.
 26217 | Lair:5   | Reached skill level 5 in Staves
 26223 | Lair:5   | Reached skill level 5 in Earth Magic
 27663 | Lair:5   | Reached skill level 6 in Earth Magic
 27770 | Lair:5   | Found a runed translucent door.
 27844 | Lair:5   | Offered knowledge of Conjure Ball Lightning by Vehumet.
 29759 | Lair:5   | Reached skill level 7 in Earth Magic
 29759 | Lair:5   | Reached skill level 5 in Evocations
 30016 | Lair:5   | Reached XP level 15. HP: 126/126 MP: 6/31
 30931 | Orc:1    | Entered Level 1 of the Orcish Mines
 30931 | Orc:1    | Found Letseces's Antique Armour Emporium.
 31006 | Orc:1    | Bought a pair of runed gloves for 210 gold pieces
 31126 | Orc:2    | Entered Level 2 of the Orcish Mines
 31161 | Orc:2    | Found a staircase to the Elven Halls.
 31346 | Orc:2    | Noticed gzilladon's ghost (journeyman MiMo)
 31349 | Orc:2    | Found a runed translucent door.
 31913 | Orc:2    | Offered knowledge of Lightning Bolt by Vehumet.
 32423 | Orc:2    | Reached ****** piety under Vehumet
 32857 | Orc:2    | Found Koixe's General Store.
 32857 | Orc:2    | Found Gekhoil's Jewellery Emporium.
 32857 | Orc:2    | Found Xyuskes's Distillery.
 32860 | Orc:2    | Found Oveneak's Distillery.
 33476 | Orc:1    | Reached skill level 8 in Earth Magic
 34591 | D:12     | Offered knowledge of Spellforged Servitor by Vehumet.
 34724 | D:12     | Found Gafie's Book Boutique.
 35385 | D:12     | Found a runed translucent gate.
 35386 | D:12     | Found a runed translucent gate.
 35387 | D:12     | Found a runed translucent gate.
 35388 | D:12     | Found an opulent altar of Gozag.
 35388 | D:12     | Noticed Wiilli's ghost (journeyman SpVM)
 35390 | D:12     | Found Menufok's Assorted Antiques.
 36095 | D:13     | Identified the +1 helmet of Moral Flaws {*Corrode rElec
                  | Dex+2}
 36656 | D:13     | Found a gate to the Vaults.
 36977 | D:14     | Reached skill level 9 in Earth Magic
 37076 | D:14     | Found a transporter.
 37305 | D:14     | Found a transporter.
 37310 | D:14     | Found a bloodstained altar of Trog.
 37310 | D:14     | Noticed hikkokomori's ghost (journeyman MiBe)
 37415 | D:14     | Found a radiant altar of Vehumet.
 38077 | D:15     | Entered Level 15 of the Dungeon
 38216 | D:15     | Found Toeganem's Antique Armour Shop.
 38249 | D:15     | Bought a pair of heavily runed gloves for 351 gold pieces
 38249 | D:15     | Identified the +1 pair of gloves of Ru's Brutal Revenge
                  | {Rampage rElec Dex+8 Stlth-} (You bought it in a shop on
                  | level 15 of the Dungeon)
 38318 | D:15     | Noticed Nessos
 38470 | D:15     | Found a white marble altar of Elyvilon.
 38619 | D:15     | Noticed Jorgrun
 38633 | D:15     | Killed Jorgrun
 38873 | D:15     | Reached XP level 16. HP: 134/134 MP: 32/32
 39368 | D:15     | Found a staircase to the Depths.
 39569 | D:15     | Killed Nessos
 40198 | D:12     | Offered knowledge of Starburst by Vehumet.
 40299 | D:12     | Reached skill level 10 in Earth Magic
 40351 | D:12     | Killed Wiilli's ghost
 40875 | Spider:1 | Entered Level 1 of the Spider Nest
 42321 | Spider:2 | Reached skill level 15 in Conjurations
 42504 | Spider:2 | Reached skill level 11 in Earth Magic
 43114 | Spider:2 | Offered knowledge of Lehudib's Crystal Spear by Vehumet.
 43114 | Spider:2 | Offered knowledge of Shatter by Vehumet.
 43114 | Spider:2 | Offered knowledge of Polar Vortex by Vehumet.
 43125 | Spider:2 | Learned a level 8 spell: Lehudib's Crystal Spear
 43148 | Spider:2 | Learned a level 1 spell: Sandblast
 43152 | Spider:2 | Learned a level 3 spell: Stone Arrow
 44763 | Spider:4 | Entered Level 4 of the Spider Nest
 46641 | Spider:4 | Reached XP level 17. HP: 140/140 MP: 17/33
 47791 | Spider:4 | Reached skill level 12 in Earth Magic
 48192 | Spider:4 | Reached skill level 10 in Dodging
 48882 | Spider:4 | Got a gossamer rune of Zot
 48895 | Spider:4 | Identified the +1 hat of Cutt {rElec}
 49292 | Vaults:1 | Entered Level 1 of the Vaults
 49783 | Vaults:1 | Found Valoyr's General Store.
 51132 | Vaults:1 | Reached skill level 15 in Shields
 51611 | Vaults:1 | Reached skill level 13 in Earth Magic
 51942 | Vaults:1 | Reached XP level 18. HP: 147/147 MP: 15/35
 53907 | Vaults:2 | Identified the +4 arbalest of Taec {penet, Dex+4}
 54943 | Vaults:2 | Reached skill level 14 in Earth Magic
 55153 | Vaults:2 | Found a staircase to the Crypt.
 55743 | Vaults:2 | Found Caomeuf's General Store.
 56819 | Vaults:3 | Found Zaha Ohi's Armour Emporium.
 57868 | Vaults:3 | Reached XP level 19. HP: 131/154 MP: 13/37
 58253 | Vaults:3 | Reached skill level 15 in Earth Magic
 59463 | Vaults:4 | Found a magical portal.
 59473 | WizLab   | Entered Doroklohe's Tomb
 59687 | WizLab   | Noticed an ancient lich
 59693 | WizLab   | Killed an ancient lich
 60348 | Vaults:4 | Identified the +6 shortbow of Dominance {freeze, rF+ Int+4}
 60875 | Vaults:4 | Noticed a dread lich
 61376 | Vaults:4 | Reached skill level 16 in Earth Magic
 61642 | Vaults:4 | Reached skill level 15 in Spellcasting
 62734 | Vaults:4 | Killed a dread lich
 63187 | Elf:1    | Entered Level 1 of the Elven Halls
 63328 | Elf:1    | Found a crumbling gateway.
 63396 | Desolati | Entered the Desolation of Salt
 64097 | Desolati | Reached skill level 17 in Earth Magic
 64097 | Desolati | Reached XP level 20. HP: 157/161 MP: 24/39
 64883 | Desolati | Got the Parchment of the Feathery Snake
 65023 | Desolati | Got Sif Muna's Writings on Displacement and Damage Dealing
 65159 | Desolati | Got the Book of Minerals and Breath
 65278 | Desolati | Identified the +2 ring mail of Kiackame {Str+4 Dex+2}
 65512 | Desolati | Got Doto Nomp's Spellbook of Duck's Teeth
 65514 | Desolati | Got Sif Muna's Compendium of the Chill and Striking
 65515 | Desolati | Identified the +1 robe of Limitation {Rampage rF+ rN+
                  | Will+}
 66073 | Orc:2    | Bought a potion of heal wounds for 75 gold pieces
 67811 | Elf:2    | Paralysed by an air elemental for 1 turns
 68371 | Elf:1    | Found an ancient bone altar of Kikubaaqudgha.
 68406 | Elf:2    | Reached skill level 18 in Earth Magic
 68752 | Elf:2    | Found a shimmering blue altar of Sif Muna.
 69272 | Elf:2    | Got the Lectures on Companions
 69456 | Elf:2    | Found a runed translucent gate.
 69459 | Elf:2    | Found a runed translucent gate.
 69459 | Elf:2    | Found a runed translucent gate.
 69597 | Elf:3    | Entered Level 3 of the Elven Halls
 71655 | Elf:3    | Reached XP level 21. HP: 168/168 MP: 11/41
 71790 | Elf:3    | Identified the ring of Rannufum {Fly rElec rPois Dex-3}
 71790 | Elf:3    | Noticed Mara
 71791 | Elf:3    | Identified the +3 long sword "Plog" {vorpal, rElec MP+9}
 71792 | Elf:3    | Noticed Lobster4's illusion
 72128 | Elf:3    | Reached skill level 19 in Earth Magic
 72476 | Elf:3    | Noticed Lobster4's illusion
 72476 | Elf:3    | Killed Mara
 72906 | Elf:3    | Found the +6 arbalest "Damnation" {damnation}
 72931 | Elf:3    | Got the Directory of the Unstable Welkin
 72965 | Elf:3    | Got Mom Uned's Folio of the Unstoppable Artists
 74530 | Shoals:1 | Entered Level 1 of the Shoals
 74770 | Shoals:1 | Noticed Louise
 74979 | Shoals:1 | Killed Louise
 75406 | Shoals:1 | Learned a level 2 spell: Passwall
 75719 | Shoals:1 | Reached skill level 1 in Transmutations
 76659 | Shoals:2 | Found Paaxesk's One-of-a-Kind Rings.
 76704 | Shoals:2 | Learned a level 9 spell: Shatter
 76710 | Shoals:2 | Learned a level 5 spell: Borgnjor's Vile Clutch
 76983 | Shoals:2 | Reached skill level 1 in Necromancy
 78193 | Shoals:3 | Reached skill level 20 in Earth Magic
 79094 | Shoals:4 | Entered Level 4 of the Shoals
 81030 | Shoals:4 | Got a barnacled rune of Zot
 81290 | Shoals:4 | Paralysed by an air elemental for 1 turns
 81767 | D:5      | Killed Low2's ghost
 81771 | D:5      | Found a transporter.
 82220 | Lair:3   | Reached XP level 22. HP: 174/174 MP: 40/43
 82224 | Lair:3   | Got Gefferor's Almanac of the Cursed Coals
 82307 | Lair:4   | Found a staircase to the Slime Pits.
 82508 | Lair:4   | Killed Daelid's ghost
 82509 | Lair:4   | Reached skill level 5 in Necromancy
 83075 | Orc:2    | Killed gzilladon's ghost
 83300 | Depths:1 | Entered Level 1 of the Depths
 83760 | Depths:1 | Found a gateway to Hell.
 84720 | Depths:1 | Found a shimmering blue altar of Sif Muna.
 84855 | Depths:1 | Identified the +3 buckler of Spring Thaw {Harm Str+3
                  | Stlth+}
 85020 | Depths:1 | Identified the amulet of the Ban {RegenMP Str+2 Int+6}
 85223 | Depths:1 | Reached skill level 21 in Earth Magic
 86217 | Depths:2 | Found a one-way gate leading to the halls of Pandemonium.
 86300 | Depths:2 | Found a one-way gateway to a ziggurat.
 86995 | Depths:2 | Noticed pigah's ghost (master OpAE)
 87002 | Depths:2 | Found a runed translucent gate.
 87002 | Depths:2 | Found a runed translucent gate.
 87003 | Depths:2 | Found a runed translucent gate.
 88027 | Depths:2 | Got the Exposition on Summoning and Sculpting
 88047 | Depths:2 | Learned a level 4 spell: Petrify
 88107 | Depths:2 | Found Roplawn's Changing Room.
 88217 | Depths:2 | Found a one-way gate to the infinite horrors of the Abyss.
 88339 | Depths:2 | Learned a level 4 spell: Leda's Liquefaction
 89658 | Depths:3 | Reached XP level 23. HP: 181/181 MP: 22/45
 89769 | Depths:3 | Found Ynlaunuk's General Store.
 89773 | Depths:3 | Found Bumuiru's Armour Shoppe.
 89919 | Depths:3 | Noticed a caustic shrike
 89927 | Depths:3 | Killed a caustic shrike
 89934 | Depths:3 | Reached skill level 10 in Evocations
 89945 | Depths:3 | Reached skill level 22 in Earth Magic
 90159 | Depths:3 | Found the +5 glaive of the Guard {elec, spectral, AC+5}
 90248 | Depths:3 | Found Cuteaha's Weapon Emporium.
 90697 | Depths:4 | Entered Level 4 of the Depths
 91942 | Depths:4 | Found a gate to the Realm of Zot.
 92821 | Depths:4 | Reached skill level 23 in Earth Magic
 93302 | Crypt:1  | Entered Level 1 of the Crypt
 93302 | Crypt:1  | Noticed Bai Suzhen
 93573 | Slime:1  | Entered Level 1 of the Pits of Slime
 94122 | Vaults:2 | Killed Bai Suzhen
 94904 | Crypt:1  | Reached XP level 24. HP: 159/189 MP: 7/47
 97448 | Crypt:3  | Entered Level 3 of the Crypt
 97585 | Crypt:3  | Reached skill level 24 in Earth Magic
 97995 | Crypt:3  | Identified the +2 hand crossbow of Temn {vorpal, SInv}
 98220 | Crypt:3  | Identified the +1 robe of Terrible Happiness {rCorr}
 98300 | Crypt:3  | Reached skill level 1 in Ranged Weapons
 98714 | Crypt:3  | Found a staircase to the Tomb.
 99001 | Crypt:3  | Found a basalt altar of Yredelemnul.
 99460 | Crypt:3  | Identified the +10 short sword of the Transmuting Goat
                  | {speed, rElec Str+3 Int+7 Stlth+}
100326 | Vaults:5 | Entered Level 5 of the Vaults
100735 | Vaults:5 | Reached XP level 25. HP: 150/194 MP: 48/48
101130 | Vaults:5 | Reached skill level 25 in Earth Magic
101924 | Vaults:5 | Identified the ring "Xigu" {rPois rCorr Str+6}
102091 | Vaults:5 | Identified the +6 hand axe "Ogreslayer" {freeze, rC++}
102271 | Vaults:5 | Got a silver rune of Zot
102301 | Vaults:5 | Identified the +5 ring mail "Earthly Heaven" {Drain rN++
                  | Int+3}
102639 | Vaults:5 | Identified the +6 chain mail of Orphic {*Slow Int+8}
105288 | Slime:4  | Reached skill level 26 in Earth Magic
105897 | Slime:5  | Entered Level 5 of the Pits of Slime
106082 | Slime:5  | Gained mutation: Your magical capacity is low. (-10% MP) [a
                  | shining eye]
106108 | Slime:5  | Gained mutation: You are vulnerable to heat. (rF-) [a
                  | shining eye]
106210 | Slime:5  | Noticed the Royal Jelly
106231 | Slime:5  | Killed the Royal Jelly
106245 | Slime:4  | HP: 8/194 [acid blob/splash of acid (19)]
106246 | Slime:4  | Slain by an acid blob

Illustrated notes

Levels and vault maps discovered:
D:1:      psy_arrival_basics, layout_basic
D:2:      layout_loops_corners
D:3:      layout_basic, dk_vineyard_2
D:4:      layout_rooms, minmay_temple_entry_stoned_glass, serial_shops, shop,
          nicolae_ossuary_entry_false_entrances, grunt_ministairs_6, uniq_robin
D:5:      layout_loops_corners, gammafunk_ghost_mausoleum,
          minmay_a_box_with_orc_wizards_in_it
D:6:      kennysheep_spiral_hall, layout_loops_ring, serial_shops,
          shop_fountains, grunt_tough_drop
D:7:      layout_basic, serial_shops, shop, nicolae_take_the_stairs,
          minivault_27, uniq_duvessa
D:8:      layout_loops_ring, nicolae_overflow_hidden_temple, guppyfry_shop_venom
D:9:      gammafunk_the_bubble [the_bubble_gammafunk_crates], layout_cave_pods,
          uniq_pikel, uniq_psyche
D:10:     layout_long_grid, lair_entry_dummy, minmay_orc_entry_temple_small,
          kennysheep_boxes, uniq_maurice, uniq_gastronok
D:11:     layout_rooms
D:12:     layout_long_grid, ebering_ghost_gozag, serial_shops, shop_statue,
          serial_demonic, serial_demonic_g, serial_demonic_e, serial_demonic_e,
          serial_demonic_c
D:13:     layout_cave_pools, erik_vaults_1
D:14:     layout_cave_pods, gammafunk_ghost_wrathful_warriors, vehumet_crystals
D:15:     grunt_enter_depths_hoard, layout_long_grid, elyvilon_altar_3,
          serial_shops, nicolae_shop_behind_doors, uniq_jorgrun, uniq_nessos
Temple:   dpeg_three_leaves_temple
Lair:1:   layout_roguey, minivault_24, grunt_megastairs_4
Lair:2:   layout_loops_ring, spider_nest_entry_web_field,
          portal_ice_cave_entry_imps
Lair:3:   layout_cave_pods, minmay_shoals_entry_hut,
          grunt_forest_small_clearings, st_stairs_6, minmay_lair_oklob_items,
          grunt_megastairs_1, uniq_josephine
Lair:4:   layout_long_grid, minmay_slime_entry_oklob_enclosed,
          gammafunk_ghost_ooze, beast_lair_carwin_2
Lair:5:   wormcave, layout_small_grid, guppyfry_lair_end_dragon,
          grunt_megastairs_3
Shoals:1: layout_shoals, uniq_louise
Shoals:2: layout_shoals, nicolae_shop_unique_rings,
          nicolae_shoals_hidden_pirate_stash
Shoals:3: layout_shoals
Shoals:4: shoals_end_hellmonk_storm_palace [storm_palace_center_circular,
          storm_palace_corner_pillars, storm_palace_corner_pillars,
          storm_palace_corner_grid, storm_palace_corner_reverse_hut]
Spider:1: layout_spider_delve, nicolae_spider_scorpion_nest
Spider:2: layout_spider_delve
Spider:3: layout_spider_delve, hangedman_spider_tarantella_strand
Spider:4: hellmonk_spider_rune_endless_swarm, nicolae_spider_circle_web,
          nicolae_spider_bzzzt
Slime:1:  layout_caves
Slime:2:  layout_caves
Slime:3:  layout_caves
Slime:4:  layout_caves, nicolae_slime_welcoming_committee
Slime:5
Orc:1:    layout_caves, serial_shops, shop
Orc:2:    st_orc_rangers, layout_caves, hellmonk_ghost_happy_afterlife,
          minmay_orc_temple_c
Elf:1:    minmay_elf_arrival_plus, layout_gridlike,
          portal_desolation_entry_salt, kennysheep_underground_church,
          lemuel_upstairs_altar
Elf:2:    nicolae_elf_blades_crystal_corner, layout_gridlike, basic_altar,
          st_stairs_9, minmay_elf_demonology
Elf:3:    minmay_elf_hall_circle, layout_geoelf_octagon, uniq_mara
Vaults:1: v_misc_15, v_alt_pattern_4, v_rooms_4, dpeg_vaults_hating_casters,
          nicolae_vaults_asterisk, vaults_mumra_hex, ontoclasm_vaults_gateway,
          ontoclasm_vaults_decontamination, v_misc_18,
          nicolae_vaults_what_the_h, vaults_dpeg_ring, v_misc_11,
          layout_vaults_big_room, serial_shops, nicolae_shop_waterfront
Vaults:2: hangedman_vaults_nodes, hangedman_vaults_hat,
          ontoclasm_vaults_shuriken, v_misc_31, vaults_standard_mumra_lines,
          nicolae_vaults_yaktaur_gun_rack, ontoclasm_vaults_twist,
          layout_vaults_ring, dummy_crypt_entry, serial_shops, shop_fountains
Vaults:3: v_misc_2, nicolae_vaults_an_arrangement, vaults_room_fours,
          vaults_mumra_minichess, ontoclasm_vaults_spin, v_misc_12,
          nicolae_vaults_little_squares_6, vaults_room_pools,
          ontoclasm_vaults_bender, vaults_room_grid, vaults_dpeg_hooks,
          layout_vaults_omnigrid, serial_shops, nicolae_shop_statue_plus
Vaults:4: mu_enter_wizlab_6, nicolae_vaults_network_square,
          hangedman_vaults_pinch, ontoclasm_vaults_idyll,
          nicolae_vaults_little_squares_2, grunt_vaults_hallway_long,
          grunt_vaults_funnel, ontoclasm_vaults_claustrophobia,
          nicolae_vaults_halls_meeting, vaults_standard_mumra_x, v_pattern_2,
          nicolae_vaults_angled_halls, v_alt_pattern_4, vaults_mumra_hexcomb,
          layout_vaults_omnibox
Vaults:5
Crypt:1:  layout_gridlike, evilmike_ambush [evilmike_ambush_outer_basic,
          evilmike_ambush_inner_basic], uniq_bai_suzhen
Crypt:2:  statuecave_lemuel, layout_gridlike, st_stairs_11
Crypt:3:  evilmike_haunted_forest
Depths:1: layout_honeycomb, hell_entry, hangedman_summoners_spam
Depths:2: minmay_chopped_fan, layout_cave_shapes, enter_ziggurat_a,
          gammafunk_ghost_split, abyss_entry_glasseish, rand_demon_pan_entry_5,
          hell_entry, minmay_misc_feat_iff, nicolae_transmutations_shop,
          st_stairs_1, bh_walls_and_bars, infiniplex_staircase_pool_2
Depths:3: minmay_guarded_unrand_guard, layout_gridville, hell_entry,
          abyss_entry, serial_shops, nicolae_shop_bloodbath_and_beyond,
          kennysheep_minor_cross, minmay_shop_star
Depths:4: grunt_zot_entry_tricorne, layout_cave_shapes,
          nicolae_hell_entry_hellmouth_sunbeams, grunt_megastairs_2

Skill      XL: |  1  2  3  4  5  6  7  8  9 10 11 12 13 14 15 16 17 18 19 20 21 22 23 24 25 |
---------------+----------------------------------------------------------------------------+-----
Stealth        | 2 |  2.0
Dodging        | 2 3 5 6 8 9 10 11 | 11.0
Fighting       | 1 2 3 4 6 7 8 9 10 | 10.0
Shields        | 1 2 3 4 5 6 8 9 10 11 12 13 14 15 16 | 16.0
Spellcasting   | 3 4 5 6 8 9 10 11 12 13 14 15 16 17 18 20 21 22 | 22.2
Conjurations   | 5 6 7 8 9 10 11 12 13 14 15 16 17 18 19 20 21 22 23 24 | 24.9
Evocations     | 1 3 5 7 8 9 10 | 10.0
Staves         | 2 3 4 5 6 8 |  8.0
Throwing       | 1 |  1.0
Translocations | 3 5 6 |  6.0
Earth Magic    | 3 7 9 11 13 14 17 18 20 21 23 24 26 | 26.3
Transmutations | 3 |  3.0
Necromancy     | 4 5 |  5.0
Ranged Weapons | 2 |  2.0

Action                   |  1- 3 |  4- 6 |  7- 9 | 10-12 | 13-15 | 16-18 | 19-21 | 22-24 | 25-27 || total
-------------------------+-------+-------+-------+-------+-------+-------+-------+-------+-------++-------
Melee: Club              |     2 |       |       |       |       |       |       |       |       ||     2
       Dagger            |     3 |    29 |    75 |       |       |       |       |       |       ||   107
       Tailslap          |     2 |    14 |    10 |    10 |    28 |    49 |    23 |     7 |     1 ||   144
       Punch             |       |     2 |     2 |       |       |       |       |       |       ||     4
       Flail             |       |    53 |       |       |       |       |       |       |       ||    53
       Staff             |       |       |       |    69 |   121 |   222 |   120 |    37 |     2 ||   571
       Unarmed           |       |       |       |     3 |       |       |       |       |       ||     3
Throw: Throwing net      |       |     1 |     2 |       |       |       |       |       |       ||     3
       Dart              |       |       |     2 |    22 |    58 |    11 |       |       |       ||    93
 Cast: Magic Dart        |    87 |    41 |   151 |   137 |   239 |    62 |    31 |    50 |    18 ||   816
       Searing Ray       |     1 |    13 |    72 |   264 |   469 |    57 |       |       |       ||   876
       Iskenderun's Myst |       |       |       |       |   225 |    86 |    64 |   115 |    36 ||   526
       Lee's Rapid Decon |       |       |       |       |     5 |       |     1 |     3 |       ||     9
       Iron Shot         |       |       |       |       |       |   501 |   748 |   809 |   182 ||  2240
       Stone Arrow       |       |       |       |       |       |    70 |    95 |    24 |       ||   189
       Sandblast         |       |       |       |       |       |    57 |    80 |    26 |       ||   163
       Lehudib's Crystal |       |       |       |       |       |       |     1 |    43 |     1 ||    45
       Leda's Liquefacti |       |       |       |       |       |       |       |     2 |       ||     2
       Borgnjor's Vile C |       |       |       |       |       |       |       |     2 |       ||     2
       Shatter           |       |       |       |       |       |       |       |     6 |    52 ||    58
Evoke: Wand              |       |       |     4 |    36 |    26 |     7 |     7 |       |     8 ||    88
       Lightning rod     |       |       |       |       |     6 |    11 |     8 |     4 |       ||    29
       Condenser vane    |       |       |       |       |     2 |     2 |     3 |     1 |       ||     8
  Use: Scroll            |       |    14 |     3 |    12 |     6 |     9 |    14 |     1 |     2 ||    61
       Potion            |       |     1 |     1 |     2 |     3 |     9 |     8 |     1 |     6 ||    31
 Stab: Sleeping          |       |       |     1 |       |       |       |       |     1 |       ||     2
       Paralysed         |       |       |       |       |       |    27 |       |       |       ||    27
Armor: Skin              |     1 |    29 |    68 |   143 |   330 |   279 |   133 |   180 |    52 ||  1215
Dodge: Dodged            |     6 |   124 |   170 |   269 |   611 |   393 |   371 |   276 |    99 ||  2319
Block: Kite shield       |       |       |       |   172 |   692 |   583 |   218 |       |       ||  1665
       Buckler           |       |       |       |       |       |       |   127 |   173 |    55 ||   355
       Reflection        |       |       |       |       |       |       |    55 |     7 |     4 ||    66

Table legend: (Time is in decaauts)
 A = Elapsed time spent in this place.
 B = Non-inter-level travel time spent in this place.
 C = Inter-level travel time spent in this place.
 D = Time resting spent in this place.
 E = Time spent auto-exploring this place.
 F = Levels seen in this place.
 G = Mean time per level.
                   A        B        C        D        E       F      G
               +--------+--------+--------+--------+--------+-----+--------+
         Total | 106566 |  98622 |   7944 |  35193 |  41035 |  55 | 1937.6 |
       Dungeon |  22528 |  20040 |   2488 |   2643 |  13666 |  15 | 1501.9 |
        Temple |      6 |      6 |      0 |      0 |      0 |   1 |    6.0 |
          Lair |  15378 |  13389 |   1989 |   3533 |   6727 |   5 | 3075.6 |
        Shoals |   6957 |   6732 |    225 |   2657 |   2773 |   4 | 1739.2 |
   Spider Nest |   8139 |   7910 |    229 |   3929 |   2502 |   4 | 2034.8 |
    Slime Pits |   2813 |   2608 |    205 |    674 |   1271 |   5 |  562.6 |
  Orcish Mines |   3551 |   3244 |    307 |   1043 |   1423 |   2 | 1775.5 |
   Elven Halls |   8066 |   7577 |    489 |   3473 |   1914 |   3 | 2688.7 |
        Vaults |  17075 |  15823 |   1252 |   7783 |   4782 |   5 | 3415.0 |
         Crypt |   5322 |   4996 |    326 |   1382 |   2191 |   3 | 1774.0 |
        Depths |   9904 |   9472 |    432 |   4353 |   3196 |   4 | 2476.0 |
       Ossuary |    393 |    393 |      0 |     77 |    160 |   1 |  393.0 |
      Ice Cave |   3157 |   3157 |      0 |   1861 |    255 |   1 | 3157.0 |
        Wizlab |    670 |    670 |      0 |    195 |     42 |   1 |  670.0 |
    Desolation |   2601 |   2601 |      0 |   1590 |    133 |   1 | 2601.0 |
               +--------+--------+--------+--------+--------+-----+--------+

Top non-repeatable levels by time:
Vaults:4: 4411 daAuts
Vaults:1: 4403 daAuts
Vaults:2: 4334 daAuts
  Lair:5: 3900 daAuts
Spider:4: 3604 daAuts
  Lair:4: 3442 daAuts
   Elf:2: 3428 daAuts
  Lair:3: 3249 daAuts
   Elf:3: 3161 daAuts
   IceCv: 3157 daAuts
Depths:1: 2855 daAuts
Depths:2: 2827 daAuts
 Crypt:3: 2709 daAuts
Desolation: 2601 daAuts
   Orc:2: 2594 daAuts
